 Dungeon Crawl Stone Soup version 0.31-a0-963-ga325b2283a (webtiles) character file.

Game seed: 1544013298221587522

1846221 Forgeling the Slayer (level 27, 189/189 HPs)
             Began as a Tengu Hexslinger on Oct 24, 2023.
             Was a High Priest of Okawaru.
             Escaped with the Orb
             ... and 3 runes!
             The game lasted 02:36:50 (56906 turns).

Forgeling the Slayer (Tengu Hexslinger)            Turns: 56906, Time: 02:36:51

Health: 189/189    AC: 25    Str: 17    XL:     27
Magic:  38/38      EV: 41    Int: 16    God:    Okawaru [*****.]
Gold:   3812       SH:  0    Dex: 32    Spells: 38/46 levels left

rFire   + . .        a - +6 arbalest "Damnation" {damnation}
rCold   + . .        (shield currently unavailable)
rNeg    + . .        s - +1 faerie dragon scales {rF+ rCorr}
rPois   .            m - +2 hat of the Bear Spirit {Spirit, Bear, *Rage Will++}
rElec   +            e - +4 dragonskin cloak
rCorr   +            k - +2 pair of gloves {Dex+3}
SInv    .            (boots unavailable)
Will    +++++        I - amulet of Propriety {Regen+ Slay+2}
Stlth   +            b - ring of the Bouncing Brambles {Contam rElec rC+ Will+ Dex+3}
HPRegen 1.31/turn    B - ring "Deciger" {rN+ Will+ rCorr Str+6}
MPRegen 0.26/turn

%: random rage (20%), acrobat, guardian spirit
@: flying, studying Polearms
A: beak, talons 3, evasive flight, acrobatic, inability to read after injury 1
0: Orb of Zot
}: 3/15 runes: serpentine, barnacled, silver
a: Renounce Religion, Heroism, Finesse, Duel


You escaped.
You worshipped Okawaru.
Okawaru was extremely pleased with you.
You visited 10 branches of the dungeon, and saw 48 of its levels.
You visited 1 bazaar.
You also visited: Ossuary and Ice Cave.

You collected 7205 gold pieces.
You spent 3393 gold pieces at shops.

Inventory:

Hand Weapons
 a - the +6 arbalest "Damnation" (weapon) {damnation}
   (You took it off a merfolk on level 4 of the Shoals)
 S - the +3 longbow of Skirmishing {drain, Dex+4 Stlth+}
   (Okawaru gifted it to you on level 3 of the Shoals)

   Dex+4:     It affects your dexterity (+4).
   Stlth+:    It makes you more stealthy.
Missiles
 c - 39 silver javelins
 w - 20 javelins
 z - 4 curare-tipped darts
Armour
 e - the +4 dragonskin cloak (worn)
   (You took it off Tiamat on level 1 of the Realm of Zot)

   Avatar's Aegis: It grants the wearer a chance to resist fire, cold, poison,
   electricity, acid, and negative energy.
 k - a +2 pair of gloves of dexterity (worn)
 m - the +2 hat of the Bear Spirit (worn) {Spirit, Bear, *Rage Will++}
   (You found it on level 4 of the Shoals)

   Bear:      Going berserk makes the wearer exceptionally tough, and they are
   slowed for a shorter time afterward.
   Will++:    It greatly increases your willpower.
   *Rage:     It berserks you when you make melee attacks (+20% chance).
 s - the +1 faerie dragon scales (worn) {rF+ rCorr}
   (You took it off the Enchantress on level 1 of the Depths)

   rF+:       It protects you from fire.
   rCorr:     It protects you from acid and corrosion.
Jewellery
 b - the ring of the Bouncing Brambles (left hand) {Contam rElec rC+ Will+ Dex+3}
   (You bought it in a shop on level 2 of the Elven Halls)

   [ring of protection from cold]

   Dex+3:     It affects your dexterity (+3).
   rC+:       It protects you from cold.
   rElec:     It insulates you from electricity.
   Will+:     It increases your willpower.
   Contam:    It causes magical contamination when unequipped.
 l - the ring "Musavot" {Contam rC+ Str+6 Dex+3}
   (You found it on level 3 of the Elven Halls)

   [ring of protection from cold]

   Str+6:     It affects your strength (+6).
   Dex+3:     It affects your dexterity (+3).
   rC+:       It protects you from cold.
   Contam:    It causes magical contamination when unequipped.
 B - the ring "Deciger" (right hand) {rN+ Will+ rCorr Str+6}
   (You found it on level 3 of the Elven Halls)

   [ring of resist corrosion]

   Str+6:     It affects your strength (+6).
   rN+:       It protects you from negative energy.
   Will+:     It increases your willpower.
   rCorr:     It protects you from acid and corrosion.
 I - the amulet of Propriety (around neck) {Regen+ Slay+2}
   (You found it on level 2 of the Lair of Beasts)

   [amulet of regeneration]

   Slay+2:    It affects your accuracy & damage with ranged weapons and melee
   (+2).
   Regen+:    It increases your rate of health regeneration.
 L - the ring of Loicitz {rC+ Will+ SInv}
   (You acquired it on level 2 of the Orcish Mines)

   [ring of see invisible]

   rC+:       It protects you from cold.
   Will+:     It increases your willpower.
   SInv:      It lets you see invisible.
Wands
 d - a wand of digging (5)
 h - a wand of acid (35)
 i - a wand of iceblast (34)
 j - a wand of polymorph (7)
 q - a wand of flame (88)
 y - a wand of mindburst (45)
Scrolls
 n - 7 scrolls of enchant armour
 t - 3 scrolls of brand weapon
 x - 12 scrolls of enchant weapon
 D - 6 scrolls of blinking
 E - 6 scrolls of fear
 F - 12 scrolls of fog
 K - 2 scrolls of immolation
 O - 3 scrolls of silence
 P - 9 scrolls of poison
 V - 13 scrolls of vulnerability
 X - 6 scrolls of revelation {@r4}
 Y - 18 scrolls of teleportation {@r3}
 Z - 14 scrolls of identify {@r1}
Potions
 p - 10 potions of enlightenment
 A - 5 potions of attraction
 C - 9 potions of cancellation
 G - 5 potions of ambrosia
 H - 5 potions of haste
 J - 26 potions of curing {@q1}
 M - 7 potions of might
 N - 13 potions of heal wounds {@q2}
 Q - 5 potions of magic
 R - 4 potions of resistance
 U - 8 potions of mutation
Miscellaneous
 g - a condenser vane
 r - a phial of floods
 v - a lightning rod (4/4)


   Skills:
 + Level 23.8 Fighting
 - Level 22.0 Ranged Weapons
 - Level 22.0 Armour
 - Level 22.0 Dodging
 - Level 10.0 Spellcasting
 - Level 8.0 Hexes
 - Level 10.0 Translocations
 - Level 1.1 Fire Magic
 - Level 15.6 Invocations
 - Level 13.9 Evocations


You had 38 spell levels left.
You knew the following spells:

 Your Spells              Type           Power      Damage    Failure   Level
a - Jinxbite              Hex            66%        N/A       1%          2
b - Dimensional Bullseye  Hex/Tloc       18%        N/A       2%          4
B - Blink                 Tloc           80%        N/A       1%          2

Your spell library contained the following spells:

 Spells                   Type           Power      Damage    Failure   Level
 Slow                     Hex            100%       N/A       1%          1
 Lesser Beckoning         Tloc           80%        N/A       1%          2
 Confusing Touch          Hex            33%        N/A       1%          3
 Gell's Gravitas          Tloc           40%        N/A       1%          3
 Sigil of Binding         Hex            33%        N/A       1%          3
 Teleport Other           Tloc           40%        N/A       1%          3
 Manifold Assault         Tloc           40%        N/A       1%          4
 Passage of Golubria      Tloc           40%        N/A       1%          4
 Ensorcelled Hibernation  Hex/Ice        40%        N/A       3%          2
 Volatile Blastmotes      Fire/Tloc      50%        2d14      3%          3
 Cause Fear               Hex            16%        N/A       3%          4
 Inner Flame              Hex/Fire       22%        N/A       4%          3
 Dazzling Flash           Conj/Hex       40%        N/A       6%          3
 Foxfire                  Conj/Fire      36%        2x1d5     9%          1
 Freeze                   Ice            32%        1d5       11%         1
 Magic Dart               Conj           32%        1d4       11%         1
 Necrotise                Necr           32%        1d5       11%         1
 Shock                    Conj/Air       32%        1d5       11%         1
 Sting                    Tmut/Pois      32%        1d4       11%         1
 Vhi's Electric Charge    Tloc/Air       48%        N/A       13%         4
 Cigotuvi's Dreadful Rot  Necr/Pois/Air  16%        N/A       16%         2
 Passwall                 Tmut/Erth      6%         N/A       16%         2
 Poisonous Vapours        Pois/Air       16%        N/A       16%         2
 Sublimation of Blood     Necr           8%         N/A       16%         2
 Wereblood                Tmut           8%         N/A       16%         2
 Anguish                  Hex/Necr       10%        N/A       21%         4
 Leda's Liquefaction      Hex/Erth       10%        N/A       21%         4
 Dispersal                Tloc           20%        N/A       26%         6
 Frozen Ramparts          Ice            16%        1d3       30%         3
 Hailstorm                Conj/Ice       8%         3d4       30%         3
 Mephitic Cloud           Conj/Pois/Air  8%         N/A       30%         3
 Ozocubu's Armour         Ice            8%         N/A       30%         3
 Stone Arrow              Conj/Erth      16%        3d8       30%         3
 Swiftness                Air            8%         N/A       30%         3
 Vampiric Draining        Necr           8%         2d6       30%         3
 Metabolic Englaciation   Hex/Ice        10%        N/A       50%         5
 Yara's Violent Unravell  Hex/Tmut       10%        3d6       50%         5
 Flame Wave               Conj/Fire      9%         2d6       63%         4
 Sticky Flame             Conj/Fire      9%         2d3       63%         4
 Airstrike                Air            4%         2d(1-17)  71%         4
 Dispel Undead            Necr           8%         3d8       71%         4
 Olgreb's Toxic Radiance  Pois           8%         N/A       71%         4
 Petrify                  Tmut/Erth      8%         N/A       71%         4
 Fireball                 Conj/Fire      4%         3d4       93%         5
 Agony                    Necr           8%         N/A       96%         5
 Arcjolt                  Conj/Air       4%         1d14      96%         5
 Freezing Cloud           Conj/Ice/Air   4%         6-21      96%         5
 Irradiate                Conj/Tmut      4%         3d13      96%         5
 Lee's Rapid Deconstruct  Erth           4%         3d5*      96%         5
 Bombard                  Conj/Erth      4%         9d2       100%        6
 Eringya's Noxious Bog    Tmut/Pois      4%         4d6       100%        6
 Plasma Beam              Fire/Air       4%         2x1d14    100%        6
 Starburst                Conj/Fire      4%         6d4       100%        6
 Ozocubu's Refrigeration  Ice            4%         4d8       100%        7
 Discord                  Hex            16%        N/A       100%        8
 Ignition                 Fire           5%         3d4       100%        8
 Lehudib's Crystal Spear  Conj/Erth      4%         10d3      100%        8
 Maxwell's Capacitive Co  Air            4%         ∞         100%        8
 Chain Lightning          Conj/Air       4%         3d5       100%        9
 Fire Storm               Conj/Fire      4%         8d1       100%        9
 Polar Vortex             Ice            4%         N/A       100%        9
 Shatter                  Erth           4%         3d7*      100%        9
 Tukima's Dance           Hex            Unusable   N/A       N/A         3
 Call Imp                 Summ           Unusable   N/A       N/A         2
 Summon Forest            Summ/Tloc      Unusable   N/A       N/A         5
 Animate Armour           Summ/Erth      Unusable   N/A       N/A         4
 Animate Dead             Necr           Unusable   N/A       N/A         4
 Death Channel            Necr           Unusable   N/A       N/A         6
 Simulacrum               Ice/Necr       Unusable   N/A       N/A         6
 Summon Hydra             Summ           Unusable   N/A       N/A         7
 Dragon's Call            Summ           Unusable   N/A       N/A         9

Dungeon Overview and Level Annotations

Branches:
Dungeon (15/15)            Temple (1/1) D:5            Lair (5/5) D:11
 Shoals (4/4) Lair:2        Snake (4/4) Lair:3        Slime (0/5) Lair:4
    Orc (2/2) D:11            Elf (3/3) Orc:2        Vaults (5/5) D:13
  Crypt (0/3) Vaults:2     Depths (4/4) D:15            Zot (5/5) Depths:4
Ossuary (visited)           IceCv (visited)

Altars:
Ashenzari
Cheibriados
Dithmenos
Elyvilon
Fedhas
Gozag
Hepliaklqana
Kikubaaqudgha
Makhleb
Nemelex Xobeh
Okawaru
Qazlal
Ru
Sif Muna
Trog
Uskayaw
Vehumet
Wu Jian
Xom
Yredelemnul
Zin
The Shining One
Jiyva
Lugonu

Shops:
D:1 *   D:8 *   D:11 !   D:12 :=   D:15 [   Orc:2 (**[(   Elf:2 :=:
Shoals:1 *([=   Snake:1 :   Snake:4 [**(   Depths:3 *

Portals:
Hell: Depths:1 Depths:2 Depths:3 Depths:4
Abyss: Depths:2 Depths:3 Depths:4
Pandemonium: Depths:1 Depths:2 Depths:4
Ziggurat: Depths:4

Annotations:
Zot:1 3 runed translucent doors, Feng's ghost, veteran OgBe; Yrhuahis's ghost, legendary GrFi
Zot:4 2 transporters, Pessaschasee's ghost, legendary HOFi


Innate Abilities, Weirdness & Mutations

You have a beak for a mouth.
You have claws for feet.
Your magical flight helps you evade attacks. (EV +4)
You can magically evade attacks while moving or waiting.
You occasionally lose the ability to read scrolls when taking damage.


Message History

What level of the Dungeon? (default 1, ? - help)
An Orb Guardian comes into view.
There is a stone staircase leading up here.
You fly upwards.
There is a stone staircase leading down here.
What level of the Dungeon? (default 1, ? - help)
You see here a +0 ring mail.
Your magic seems less tainted.
There is a stone staircase leading up here.
You fly upwards.
There is a stone staircase leading down here.
A blizzard demon comes into view.
You shoot a damnation bolt.
The damnation bolt hits the blizzard demon.
The blizzard demon is lightly wounded.
The damnation bolt explodes!
The damnation engulfs the blizzard demon!
The blizzard demon is moderately wounded.
You shoot a damnation bolt.
The damnation bolt closely misses the blizzard demon.
You shoot a damnation bolt.
The damnation bolt hits the blizzard demon!
The blizzard demon is moderately wounded.
The damnation bolt explodes!
The damnation engulfs the blizzard demon!
The blizzard demon is heavily wounded.
You shoot a damnation bolt.
The damnation bolt hits the blizzard demon!!!
You kill the blizzard demon!
The damnation bolt explodes!
What level of the Dungeon? (default 1, ? - help)
There is a stone staircase leading up here.
You fly upwards.
There is a stone staircase leading down here.
You see here a +2 hat.
There is a stone staircase leading down here.
There is a staircase leading out of the dungeon here.
Okay, then.
Unknown command.
You have escaped!

## ##.#
#.# #.#
#.# ##
#.# .#
#.# .#
#.# .#
♣♣♣.♣♣♣♣♣
.#
♣@......♣
.#


♣.PPPPP.♣ ## ♣.P~~~P.♣ ♣.P~8≈P.♣ ♣.P~~~P.♣ ♣.PPPPP.♣ ♣......^♣ ♣♣♣♣♣♣♣♣♣ There
were no monsters in sight!

Vanquished Creatures
  Tiamat (Zot:1)
  6 dread liches
  5 ancient liches
  4 orbs of fire (Zot:5)
  Sojobo (Depths:4)
  Vv (Zot:1)
  3 Killer Klowns (Zot:5)
  Saint Roka (Vaults:3)
  Xtahua (Depths:3)
  Vashnia (Snake:4)
  4 golden dragons
  A curse toe (Zot:2)
  the Enchantress (Depths:1)
  Jory (Vaults:3)
  3 bone dragons
  2 electric golems
  12 tentacled monstrosities
  A hellephant (D:10)
  An Ice Fiend (IceCv)
  9 titans (Vaults:5)
  5 liches
  27 Orb Guardians
  A deep elf master archer (Elf:3)
  Mlioglotl (Shoals:4)
  5 death cobs
  A deep elf blademaster (Elf:2)
  2 krakens (Shoals:2)
  6 quicksilver dragons
  2 ancient champions (Vaults:2)
  Polyphemus (Shoals:2)
  10 sphinxes
  14 tengu reavers
  13 storm dragons
  Kirke (D:12)
  Aizul (Depths:1)
  8 nagarajas
  2 azure jellies (Vaults:1)
  13 shadow dragons
  Donald (Snake:4)
  8 draconian monks
  16 vault wardens
  9 frost giants
  10 deep elf elementalists
  5 draconian knights
  9 deep elf sorcerers
  10 draconian scorchers
  4 fire giants
  Louise (Depths:2)
  7 draconian shifters
  An orc warlord (Vaults:3)
  14 ironbound preservers
  2 curse skulls (Vaults:2)
  4 draconian stormcallers
  20 very ugly things
  4 war gargoyles
  2 ghost moths (Zot:5)
  22 stone giants
  A reaper (Depths:2)
  5 spriggan defenders
  9 draconian annihilators
  6 deep elf demonologists
  3 formless jellyfish
  13 green draconians
  3 vampire knights
  7 dire elephants
  19 black draconians
  13 yellow draconians
  11 ironbound thunderhulks
  5 deep elf annihilators
  15 purple draconians
  16 white draconians
  7 spark wasps
  15 red draconians
  5 merfolk impalers
  2 blizzard demons
  10 deep elf death magi
  9 fire dragons
  10 ettins
  An entropy weaver (shapeshifter) (Elf:1)
  An entropy weaver (Vaults:5)
  A crystal guardian (Vaults:3)
  2 merfolk javelineers (Shoals:4)
  22 yaktaur captains
  4 deep elf high priests
  5 ice dragons
  3 ghost crabs (Vaults:1)
  4 hydras
  Harold (Lair:2)
  4 ogre magi
  A juggernaut simulacrum (Vaults:1)
  6 rakshasas
  2 salamander tyrants
  31 vault guards
  5 great orbs of eyes
  19 anacondas
  A caustic shrike simulacrum (IceCv)
  10 centaur warriors
  A hell beast (Depths:1)
  A merfolk avatar (Shoals:4)
  6 spriggan air magi
  3 peacekeepers
  An alligator snapping turtle (Shoals:3)
  5 catoblepae
  16 ironbound frosthearts
  26 dancing weapons
  4 deep troll shamans
  6 tengu warriors
  6 boulder beetles
  A two-headed ogre (Orc:2)
  15 naga warriors
  3 satyrs (Shoals:4)
  25 death yaks
  A two-headed ogre (shapeshifter) (Vaults:4)
  4 merfolk aquamancers
  A sphinx skeleton (Vaults:1)
  2 vampire magi
  5 deep troll earth magi
  An orc high priest (Elf:2)
  12 spriggan berserkers
  12 naga sharpshooters
  10 shock serpents
  2 occultists
  Urug (Lair:3)
  4 sun demons
  11 hell knights
  4 skysharks
  23 deep elf knights
  A fire crab (shapeshifter) (Depths:2)
  2 iron trolls
  Lodul (D:13)
  A golden dragon zombie (Vaults:2)
  A sea snake (shapeshifter) (Vaults:4)
  45 deep trolls
  A storm dragon skeleton (Vaults:1)
  3 salamander mystics
  5 naga ritualists
  A bog body (IceCv)
  A quicksilver dragon simulacrum (Vaults:1)
  An orange crystal statue (Snake:4)
  17 sea snakes
  5 glowing orange brains
  25 harpies
  An obsidian statue (IceCv)
  14 deep elf archers
  A tengu zombie (Vaults:2)
  32 deep elf pyromancers
  7 necromancers
  16 lindwurms
  4 spriggan simulacra
  9 orc knights
  An oklob plant (Lair:5)
  23 ironbound convokers
  The ghost of arvidsem the Sneak, a novice VSBr (D:5)
  2 phantasmal warriors (Vaults:5)
  2 frost giant zombies
  32 ugly things
  16 fauns
  9 arcanists
  28 deep elf zephyrmancers
  10 mana vipers
  A tengu skeleton (Vaults:1)
  A manticore (shapeshifter) (Elf:3)
  A stone giant zombie (Vaults:4)
  10 salamanders
  8 cyclopes
  16 manticores
  A worldbinder (Vaults:1)
  A cyclops (shapeshifter) (Vaults:4)
  36 black mambas
  9 naga magi
  5 water nymphs
  2 ice statues (Vaults:1)
  25 moths of wrath
  10 elephants
  5 merfolk sirens
  5 guardian serpents (Snake:4)
  A frost giant skeleton (Vaults:3)
  A human skeleton (Vaults:3)
  20 vault sentinels
  An eye of devastation (shapeshifter) (Vaults:4)
  19 cane toads
  A gargoyle (D:10)
  2 unseen horrors
  8 komodo dragons
  A rime drake (Lair:1)
  A yaktaur (shapeshifter) (Vaults:4)
  2 anaconda simulacra
  9 freezing wraiths
  2 kobold demonologists (D:13)
  A tengu conjurer (D:15)
  3 harpy zombies (Shoals:2)
  An efreet (D:15)
  24 yaktaurs
  4 ice devils (IceCv)
  A queen bee (shapeshifter) (D:15)
  7 trolls
  A polar bear (Lair:1)
  25 merfolk
  2 wind drakes
  13 hornets
  3 elf zombies
  2 alligator simulacra (IceCv)
  A tarantella (shapeshifter) (Vaults:4)
  A blink frog (shapeshifter) (Vaults:5)
  7 snapping turtles
  2 tengu simulacra
  13 blink frogs
  15 dream sheep
  An ettin zombie (Vaults:2)
  A dream sheep (shapeshifter) (Vaults:2)
  A centaur simulacrum (D:15)
  31 slime creatures
  An air elemental (Elf:1)
  3 small abominations (Vaults:1)
  11 spriggans
  2 wraiths
  69 yaks
  2 shadows
  4 hogs (D:12)
  19 water elementals
  6 wyverns
  5 basilisks
  A human (D:12)
  3 fire elementals
  6 vampire mosquitoes (D:10)
  A steam dragon (D:8)
  A harpy simulacrum (IceCv)
  2 human zombies (Vaults:4)
  48 nagas
  A minotaur simulacrum (IceCv)
  6 wargs
  14 water moccasins
  2 hydra simulacra (Vaults:1)
  2 glowing shapeshifter skeletons
  5 hell hounds (Zot:5)
  Duvessa (D:6)
  2 ettin simulacra (IceCv)
  2 manticore zombies (Shoals:2)
  35 orc warriors
  A swamp drake (D:11)
  A sky beast (shapeshifter) (Vaults:5)
  A black bear (D:6)
  An ice beast (D:7)
  14 ogres
  A black mamba simulacrum (Vaults:1)
  15 wolves
  5 boggarts
  25 centaurs
  2 phantoms
  16 bullfrogs
  7 kobold brigands
  2 gnoll sergeants
  5 scorpions
  A scorpion (shapeshifter) (Vaults:5)
  2 earth elementals
  6 deep troll simulacra (IceCv)
  4 wights (D:7)
  Dowan (D:6)
  3 killer bees (D:7)
  An elephant simulacrum (Vaults:1)
  15 electric eels
  6 howler monkeys
  4 hounds
  2 jellies (D:5)
  18 orc priests
  Crazy Yiuf (D:4)
  2 gnoll boudas
  An iguana (D:4)
  A sleepcap (D:7)
  Terence (D:1)
  23 orc wizards
  11 hell rats (Lair:5)
  A troll simulacrum (Vaults:1)
  13 mummies (Ossuary)
  Robin (D:2)
  16 gnolls
  13 adders
  2 naga simulacra (Vaults:1)
  A worm (D:5)
  3 dart slugs
  86 orcs
  A bat zombie (Shoals:2)
  5 endoplasms
  2 giant cockroaches (D:3)
  16 goblins
  9 hobgoblins
  11 jackals
  37 kobolds
  2 quokkas
  11 ball pythons
  7 bats
  5 frilled lizards
  2 gnoll skeletons (Ossuary)
  2 goblin skeletons (Ossuary)
  A hobgoblin zombie (D:4)
  A kobold skeleton (Ossuary)
  3 orc skeletons (Ossuary)
  7 rats
  11 rat skeletons (Ossuary)
  5 tentacles (Shoals:2)
2249 creatures vanquished.

Vanquished Creatures (others)
  A lich (Vaults:5)
  A storm dragon (Zot:3)
  A merfolk aquamancer (Shoals:4)
  A deep elf pyromancer (Vaults:1)
  A guardian serpent (Snake:4)
  A naga mage (Vaults:1)
  An air elemental (Elf:2)
  A water elemental (Elf:2)
  24 tentacles (Shoals:2)
32 creatures vanquished.

Grand Total: 2281 creatures vanquished

Notes
Turn   | Place    | Note
-------+----------+-------------------------------------------
     0 | D:1      | Forgeling the Tengu Hexslinger began the quest for the Orb.
     0 | D:1      | Reached XP level 1. HP: 12/12 MP: 3/3
   120 | D:1      | Reached XP level 2. HP: 16/16 MP: 4/4
   196 | D:1      | Learned a level 2 spell: Jinxbite
   401 | D:1      | Found Gijateh's Assorted Antiques.
   404 | D:1      | Bought a cyan potion for 18 gold pieces
   404 | D:1      | Bought a scroll labelled AQELIWN HAMIZA for 21 gold pieces
   774 | D:2      | Reached XP level 3. HP: 20/20 MP: 5/5
  1160 | D:2      | Reached XP level 4. HP: 25/25 MP: 3/6
  1316 | D:2      | Noticed Robin
  1316 | D:2      | Noticed Terence
  1354 | D:1      | Killed Terence
  1355 | D:1      | Reached skill level 5 in Ranged Weapons
  1420 | D:2      | Killed Robin
  1474 | D:2      | Reached XP level 5. HP: 29/29 MP: 7/7
  1907 | D:1      | Bought a scroll labelled SYICU KEHOI for 21 gold pieces
  1907 | D:1      | Bought a scroll labelled VYADEUL FAUJAN for 21 gold pieces
  1967 | D:3      | Reached XP level 6. HP: 33/34 MP: 5/8
  2894 | D:4      | Found a sand-covered staircase.
  2920 | Ossuary  | Entered an ossuary
  3224 | Ossuary  | Gained mutation: Your magical flight helps you evade
                  | attacks. (EV +4) [Tengu growth]
  3224 | Ossuary  | Reached XP level 7. HP: 38/38 MP: 6/9
  4671 | D:4      | Found a bloodstained altar of Trog.
  4677 | D:4      | Found a glowing silver altar of Zin.
  4760 | D:4      | Found a runed translucent door.
  4761 | D:4      | Noticed Crazy Yiuf
  4772 | D:4      | Killed Crazy Yiuf
  4842 | D:5      | Entered Level 5 of the Dungeon
  4869 | D:5      | Found a runed translucent door.
  4872 | D:5      | Noticed arvidsem's ghost (novice VSBr)
  4922 | D:5      | Reached skill level 10 in Ranged Weapons
  4922 | D:5      | Reached XP level 8. HP: 43/43 MP: 7/10
  5433 | D:5      | Found a staircase to the Ecumenical Temple.
  5442 | Temple   | Entered the Ecumenical Temple
  5445 | Temple   | Became a worshipper of Warmaster Okawaru
  6074 | D:6      | Noticed Dowan
  6370 | D:6      | Noticed Duvessa
  6383 | D:6      | Killed Duvessa
  6383 | D:6      | Reached * piety under Okawaru
  6384 | D:6      | Reached skill level 2 in Fighting
  6384 | D:6      | Reached XP level 9. HP: 48/48 MP: 9/11
  6387 | D:6      | Killed Dowan
  6825 | D:6      | Reached skill level 1 in Invocations
  6941 | D:7      | Reached skill level 3 in Fighting
  7119 | D:7      | Reached ** piety under Okawaru
  7186 | D:7      | Reached skill level 4 in Fighting
  7224 | D:7      | Reached skill level 5 in Dodging
  7421 | D:7      | Noticed a hornet
  7431 | D:7      | Killed a hornet
  7822 | D:8      | Found a hide-covered altar of Uskayaw.
  7828 | D:8      | Found a broken altar of Ashenzari.
  7832 | D:8      | Reached XP level 10. HP: 56/56 MP: 13/13
  8149 | D:8      | Found Zyaptof's Profane Products.
  8174 | D:8      | Identified the +10 great sword "Kehoate" {freeze, Drain rF+
                  | Str+4}
  8520 | D:8      | Found a shimmering altar of Xom.
  8661 | D:5      | Killed arvidsem's ghost
  8848 | D:9      | Reached *** piety under Okawaru
  9163 | D:9      | Reached skill level 15 in Ranged Weapons
  9624 | D:10     | Entered Level 10 of the Dungeon
  9655 | D:10     | Noticed a gargoyle
  9667 | D:10     | Killed a gargoyle
  9668 | D:10     | Reached XP level 11. HP: 62/62 MP: 12/14
  9729 | D:10     | Reached skill level 5 in Fighting
 10185 | D:10     | Reached **** piety under Okawaru
 10384 | D:11     | Found a staircase to the Orcish Mines.
 10441 | D:11     | Noticed a boulder beetle
 10463 | D:11     | Killed a boulder beetle
 10464 | D:11     | Reached skill level 6 in Fighting
 10464 | D:11     | Reached skill level 5 in Invocations
 10466 | D:11     | Noticed a cyclops
 10469 | D:11     | Killed a cyclops
 11064 | D:11     | Found a staircase to the Lair.
 11289 | D:11     | Found Piheta's Distillery.
 11516 | D:11     | Noticed a boulder beetle
 11534 | D:11     | Killed a boulder beetle
 11719 | Lair:1   | Entered Level 1 of the Lair of Beasts
 11735 | Lair:1   | Reached skill level 1 in Evocations
 11759 | Lair:1   | Reached ***** piety under Okawaru
 11760 | Lair:1   | Reached skill level 7 in Fighting
 11786 | Lair:1   | Reached XP level 12. HP: 32/72 MP: 18/18
 12453 | Lair:1   | Received a gift from Okawaru
 13070 | Lair:2   | Found a staircase to the Shoals.
 13212 | Lair:2   | Reached skill level 10 in Dodging
 13295 | Lair:2   | Received a gift from Okawaru
 13477 | Lair:2   | Noticed Harold
 13490 | Lair:2   | Killed Harold
 13498 | Lair:2   | Identified the amulet of Propriety {Regen+ Slay+2}
 13707 | Lair:2   | Found a stormy altar of Qazlal.
 13754 | Lair:2   | Reached XP level 13. HP: 76/76 MP: 20/20
 14233 | Lair:3   | Received a gift from Okawaru
 14370 | Lair:3   | Noticed Urug
 14383 | Lair:3   | Killed Urug
 14466 | Lair:3   | Found a staircase to the Snake Pit.
 14734 | Lair:3   | Received a gift from Okawaru
 15187 | Lair:4   | Found a viscous altar of Jiyva.
 15201 | Lair:4   | Found a staircase to the Slime Pits.
 15544 | Lair:4   | Received a gift from Okawaru
 15797 | Lair:5   | Entered Level 5 of the Lair of Beasts
 15811 | Lair:4   | Reached XP level 14. HP: 56/82 MP: 21/21
 16195 | Lair:5   | Received a gift from Okawaru
 16372 | Lair:5   | Reached skill level 8 in Fighting
 16450 | Lair:5   | Reached skill level 9 in Fighting
 16967 | Lair:5   | Reached skill level 10 in Fighting
 16974 | Lair:5   | Received a gift from Okawaru
 17191 | Lair:5   | Reached skill level 11 in Fighting
 17293 | Lair:5   | Received a gift from Okawaru
 17841 | D:12     | Reached skill level 12 in Fighting
 17841 | D:12     | Reached XP level 15. HP: 96/96 MP: 22/22
 18019 | D:12     | Found Quged's Book Emporium.
 18071 | D:12     | Noticed Kirke
 18081 | D:12     | Noticed a sphinx
 18100 | D:12     | Killed Kirke
 18313 | D:12     | Found Tamm's Jewellery Shoppe.
 18555 | Orc:1    | Entered Level 1 of the Orcish Mines
 18575 | Orc:1    | Reached skill level 13 in Fighting
 19030 | Orc:2    | Entered Level 2 of the Orcish Mines
 19119 | Orc:2    | Found a staircase to the Elven Halls.
 19375 | Orc:2    | Found Amey's Weapon Emporium.
 19549 | Orc:2    | Found Meuskeaw's Antique Armour Boutique.
 19549 | Orc:2    | Found Fewk's Assorted Antiques.
 19549 | Orc:2    | Found Zegaad's General Store.
 19552 | Orc:2    | Found Ashrust's Weapon Shop.
 19559 | Orc:2    | Bought a scroll of fear for 40 gold pieces
 19795 | Orc:2    | Identified a scroll of acquirement
 19840 | Orc:2    | Acquired the ring of Loicitz {rC+ Will+ SInv}
 19924 | D:13     | Reached skill level 14 in Fighting
 20156 | D:13     | Found a gate to the Vaults.
 20509 | D:13     | Noticed Lodul
 20521 | D:13     | Killed Lodul
 21135 | D:14     | Reached skill level 15 in Fighting
 21254 | D:14     | Reached skill level 1 in Armour
 21271 | D:14     | Found a radiant altar of Vehumet.
 21759 | D:15     | Entered Level 15 of the Dungeon
 21759 | D:15     | Found Daemomua's Armour Emporium.
 22284 | D:15     | Received a gift from Okawaru
 22285 | D:15     | Found a frozen archway.
 22292 | IceCv    | Entered an ice cave
 22337 | IceCv    | Reached XP level 16. HP: 54/108 MP: 17/23
 22564 | IceCv    | Reached skill level 5 in Armour
 22638 | IceCv    | Noticed an Ice Fiend
 22656 | IceCv    | Killed an Ice Fiend
 23339 | D:15     | Found a staircase to the Depths.
 23715 | Snake:1  | Entered Level 1 of the Snake Pit
 23771 | Snake:1  | Reached skill level 10 in Invocations
 24060 | Snake:1  | Found Hugutoem's Tremendous Tomes.
 24143 | Snake:1  | Received a gift from Okawaru
 25814 | Snake:2  | Received a gift from Okawaru
 25928 | Snake:2  | Reached XP level 17. HP: 66/113 MP: 26/26
 26550 | Snake:3  | Received a gift from Okawaru
 27287 | Snake:4  | Entered Level 4 of the Snake Pit
 27287 | Snake:4  | Found Qizab's Assorted Antiques.
 27291 | Snake:4  | Bought a scroll labelled GAG TAOZOITT for 36 gold pieces
 27291 | Snake:4  | Bought a scroll of identify for 72 gold pieces
 27291 | Snake:4  | Bought a scroll of identify for 72 gold pieces
 27310 | Snake:4  | Received a gift from Okawaru
 27416 | Snake:4  | Found Vydubiq's General Store.
 27627 | Snake:4  | Noticed Vashnia
 27683 | Snake:4  | Received a gift from Okawaru
 27743 | Snake:4  | Found Xeojiqun's Weapon Shop.
 27777 | Snake:4  | Found a gateway to a bazaar.
 27860 | Snake:4  | Noticed Donald
 27981 | Snake:4  | Killed Donald
 28150 | Snake:4  | Reached skill level 5 in Evocations
 28360 | Snake:4  | Found Cywext's Armour Shop.
 28802 | Snake:4  | Killed Vashnia
 29134 | Snake:4  | Reached XP level 18. HP: 119/119 MP: 29/29
 29290 | Snake:4  | Received a gift from Okawaru
 29415 | Snake:4  | Got a serpentine rune of Zot
 29483 | Bazaar   | Entered a bazaar
 29504 | Bazaar   | Found Mariob Vyhy's Armour Emporium.
 29520 | Bazaar   | Found Jedexedd's Distillery.
 29536 | Bazaar   | Found Luewin's Book Emporium.
 29536 | Bazaar   | Found Vuq Omuo's Antique Armour Shoppe.
 29558 | Bazaar   | Found Suviaza's General Store.
 29652 | Bazaar   | Bought a potion of heal wounds for 80 gold pieces
 29652 | Bazaar   | Bought a potion of curing for 48 gold pieces
 29652 | Bazaar   | Bought a potion of curing for 48 gold pieces
 29652 | Bazaar   | Bought a potion of cancellation for 128 gold pieces
 29666 | Bazaar   | Bought a pair of glowing gloves for 210 gold pieces
 29697 | Bazaar   | Bought a wand of iceblast (7) for 218 gold pieces
 29847 | Shoals:1 | Entered Level 1 of the Shoals
 29919 | Shoals:1 | Found Woxyvap's Weapon Emporium.
 29974 | Shoals:1 | Received a gift from Okawaru
 30101 | Shoals:1 | Found Izalacam's Jewellery Emporium.
 30154 | Shoals:1 | Reached skill level 15 in Dodging
 30396 | Shoals:1 | Reached skill level 10 in Armour
 30396 | Shoals:1 | Found Ybroabreth's Antique Armour Boutique.
 30423 | Shoals:1 | Bought a pair of glowing gloves for 202 gold pieces
 30423 | Shoals:1 | Bought a pair of runed gloves for 202 gold pieces
 30537 | Shoals:1 | Found Lemyrho's Assorted Antiques.
 30834 | Shoals:2 | Identified the +2 spear "Zosarae" {drain, Fly Str+6 Dex-5}
 31518 | Shoals:2 | Noticed Polyphemus
 31532 | Shoals:2 | Killed Polyphemus
 32268 | Shoals:3 | Reached ****** piety under Okawaru
 32275 | Shoals:3 | Received a gift from Okawaru
 32287 | Shoals:3 | Acquired the +3 longbow of Skirmishing {drain, Dex+4
                  | Stlth+}
 32287 | Shoals:3 | Received a gift from Okawaru
 32355 | Shoals:3 | Acquired a +2 hat
 32355 | Shoals:3 | Received a gift from Okawaru
 32666 | Shoals:4 | Entered Level 4 of the Shoals
 32836 | Shoals:4 | Noticed Mlioglotl
 32842 | Shoals:4 | Killed Mlioglotl
 32918 | Shoals:4 | Reached XP level 19. HP: 53/124 MP: 30/30
 33027 | Shoals:4 | Reached skill level 10 in Evocations
 33503 | Shoals:4 | Got a barnacled rune of Zot
 33521 | Shoals:4 | Found the +2 hat of the Bear Spirit {Spirit, Bear, *Rage
                  | Will++}
 34094 | D:1      | Bought a lightning rod (4/4) for 840 gold pieces
 34379 | Orc:2    | Bought a glowing ring mail for 210 gold pieces
 34547 | Vaults:1 | Identified the "Segusu"
 34547 | Vaults:1 | Identified the "Nuc Mukk"
 34547 | Vaults:1 | Identified the of Kiwni
 34547 | Vaults:1 | Entered Level 1 of the Vaults
 34553 | Arena    | Entered the Arena
 35000 | Vaults:1 | Received a gift from Okawaru
 35406 | Vaults:1 | Received a gift from Okawaru
 35417 | Vaults:1 | Noticed a bone dragon
 35423 | Vaults:1 | Killed a bone dragon
 35744 | Vaults:1 | Reached XP level 20. HP: 129/129 MP: 31/31
 36127 | Vaults:2 | Received a gift from Okawaru
 36205 | Vaults:2 | Paralysed by a formless jellyfish for 1 turns
 36309 | Vaults:2 | Found a staircase to the Crypt.
 36460 | Vaults:2 | Received a gift from Okawaru
 37255 | Vaults:2 | Received a gift from Okawaru
 37441 | Vaults:3 | Reached skill level 16 in Fighting
 37563 | Vaults:3 | Noticed Jory
 37572 | Vaults:3 | Killed Jory
 37656 | Vaults:3 | Noticed Saint Roka
 37671 | Vaults:3 | Killed Saint Roka
 37873 | Vaults:3 | Received a gift from Okawaru
 37901 | Vaults:3 | Reached XP level 21. HP: 58/137 MP: 15/32
 38220 | Vaults:3 | Received a gift from Okawaru
 38875 | Vaults:4 | Reached skill level 17 in Fighting
 38882 | Vaults:4 | Received a gift from Okawaru
 39035 | Vaults:4 | Reached skill level 15 in Armour
 39436 | Vaults:4 | Received a gift from Okawaru
 40203 | Vaults:5 | Identified the of Zinerch
 40203 | Crypt:2  | Identified the of Imaprue
 40203 | Elf:1    | Entered Level 1 of the Elven Halls
 40380 | Elf:1    | Received a gift from Okawaru
 40609 | Elf:1    | Found Kiumneos's Assorted Antiques.
 40903 | Elf:1    | Reached XP level 22. HP: 142/146 MP: 31/33
 41203 | Elf:2    | Reached skill level 18 in Fighting
 41239 | Elf:2    | Found Sihu's Book Shoppe.
 41240 | Elf:2    | Found Apaisis's Jewellery Shop.
 41242 | Elf:2    | Found Com Equd's Book Shoppe.
 41253 | Elf:2    | Bought the ring of the Bouncing Brambles {Contam rElec rC+
                  | Will+ Dex+3} for 906 gold pieces
 41465 | Elf:2    | Found a runed translucent gate.
 41466 | Elf:2    | Found a runed translucent gate.
 41466 | Elf:2    | Found a runed translucent gate.
 41535 | Elf:2    | Received a gift from Okawaru
 42212 | Elf:3    | Identified the "Ynef"
 42212 | Elf:3    | Entered Level 3 of the Elven Halls
 42282 | Elf:3    | Received a gift from Okawaru
 42778 | Elf:3    | Received a gift from Okawaru
 43090 | Elf:3    | Identified the +5 rapier "Ytuqacve" {spect, rN+}
 43178 | Elf:3    | Reached skill level 19 in Fighting
 43255 | Elf:3    | Identified the amulet "Unepul" {Acrobat rC+}
 43324 | Elf:3    | Identified the +7 morningstar of the Changing Traitor
                  | {freeze, rPois Will++}
 43373 | Elf:3    | Identified the +3 leather armour of Nemelex Xobeh's Wrath
                  | {Contam rPois rCorr}
 43404 | Elf:3    | Identified the +0 pair of gloves of Dishonesty {Will+
                  | Int+3}
 43449 | Elf:3    | Identified the ring of Youthful Indiscretion {MP+9 Dex+2}
 43453 | Elf:3    | Identified the ring "Deciger" {rN+ Will+ rCorr Str+6}
 43496 | Elf:3    | Identified the ring "Musavot" {Contam rC+ Str+6 Dex+3}
 43807 | Depths:1 | Entered Level 1 of the Depths
 43812 | Depths:1 | Received a gift from Okawaru
 43912 | Depths:1 | Found a one-way gate leading to the halls of Pandemonium.
 43970 | Depths:1 | Reached XP level 23. HP: 155/155 MP: 34/34
 43978 | Depths:1 | Identified the serpent talisman of the Dungeon {*Corrode
                  | rPois Dex+3}
 43978 | Depths:1 | Noticed Aizul
 43979 | Depths:1 | Noticed the Enchantress
 43992 | Depths:1 | Killed Aizul
 44000 | Depths:1 | Killed the Enchantress
 44122 | Depths:1 | Found a gateway to Hell.
 44325 | Depths:1 | Found an opulent altar of Gozag.
 44534 | Depths:1 | Found a glowing silver altar of Zin.
 44534 | Depths:1 | Found a glowing golden altar of the Shining One.
 44534 | Depths:1 | Found a white marble altar of Elyvilon.
 44636 | Depths:2 | Received a gift from Okawaru
 45129 | Depths:2 | Received a gift from Okawaru
 45442 | Depths:2 | Found a one-way gate to the infinite horrors of the Abyss.
 45442 | Depths:2 | Noticed Louise
 45450 | Depths:2 | Killed Louise
 45684 | Depths:2 | Reached skill level 20 in Fighting
 45691 | Depths:2 | Identified the +0 chain mail of Poneitu {rElec}
 46031 | Depths:3 | Noticed Xtahua
 46107 | Depths:3 | Killed Xtahua
 46297 | Depths:3 | Found Kafeumm's Assorted Antiques.
 46383 | Depths:3 | Received a gift from Okawaru
 46435 | Depths:3 | Reached XP level 24. HP: 163/163 MP: 34/34
 46761 | Depths:3 | Found a corrupted altar of Lugonu.
 46844 | Depths:3 | Found a hide-covered altar of Uskayaw.
 47009 | Depths:4 | Entered Level 4 of the Depths
 47088 | Depths:4 | Received a gift from Okawaru
 47238 | Depths:4 | Identified the storm talisman "Isyrant" {rC++}
 47238 | Depths:4 | Noticed Sojobo
 47269 | Depths:4 | Killed Sojobo
 47365 | Depths:4 | Received a gift from Okawaru
 47406 | Depths:4 | Reached skill level 21 in Fighting
 47572 | Depths:4 | Found a gate to the Realm of Zot.
 47673 | Depths:4 | Found a one-way gateway to a ziggurat.
 48468 | Vaults:5 | Entered Level 5 of the Vaults
 48469 | Vaults:5 | Noticed a dread lich
 48542 | Vaults:5 | Received a gift from Okawaru
 48841 | Vaults:5 | Received a gift from Okawaru
 48996 | Vaults:5 | Reached XP level 25. HP: 172/172 MP: 34/34
 49040 | Vaults:5 | Reached skill level 22 in Fighting
 49094 | Vaults:5 | Identified the +10 dire flail of the Boiling Point {chaos,
                  | rElec rN+++ Will- Int-3}
 49220 | Vaults:5 | Noticed a dread lich
 49229 | Vaults:5 | Killed a dread lich
 49289 | Vaults:5 | Identified the +0 chain mail "Meisure" {Str+7 SInv}
 49299 | Vaults:5 | Received a gift from Okawaru
 49384 | Vaults:5 | Noticed an ancient lich
 49388 | Vaults:5 | Killed an ancient lich
 49668 | Vaults:5 | Reached skill level 15 in Invocations
 49765 | Vaults:5 | Killed a dread lich
 49912 | Vaults:5 | Received a gift from Okawaru
 49930 | Vaults:5 | Found the +3 Elemental Staff {ele, rElec rF+ rC+ AC+3}
 49939 | Vaults:5 | Got a silver rune of Zot
 50055 | Vaults:5 | Identified the staff of Wianag {rElec rC+ Will++ Str+2
                  | Stlth- Air}
 50309 | Vaults:5 | Identified the +0 scale mail of Boredom {Str+3 Int+3}
 50468 | Vaults:5 | Learned a level 2 spell: Blink
 50473 | Vaults:5 | Learned a level 4 spell: Dimensional Bullseye
 50797 | Zot:1    | Entered Level 1 of the Realm of Zot
 50807 | Zot:1    | Found the +4 dragonskin cloak
 50807 | Zot:1    | Noticed Tiamat
 50834 | Zot:1    | Killed Tiamat
 50956 | Arena    | Entered the Arena
 51269 | Zot:1    | Reached skill level 5 in Translocations
 51591 | Zot:1    | Found a runed translucent gate.
 51592 | Zot:1    | Found a runed translucent gate.
 51592 | Zot:1    | Found a runed translucent gate.
 51593 | Zot:1    | Noticed Feng's ghost (veteran OgBe)
 51594 | Zot:1    | Noticed Yrhuahis's ghost (legendary GrFi)
 51605 | Zot:1    | Noticed Vv
 51624 | Zot:1    | Killed Vv
 51780 | Zot:1    | Received a gift from Okawaru
 51824 | Zot:1    | Reached XP level 26. HP: 158/179 MP: 35/35
 52914 | Zot:2    | Received a gift from Okawaru
 53476 | Zot:3    | Reached skill level 10 in Translocations
 53688 | Zot:3    | Received a gift from Okawaru
 53831 | Zot:3    | Reached skill level 5 in Spellcasting
 53995 | Zot:4    | Found a transporter.
 54126 | Zot:4    | Noticed a shard shrike
 54128 | Zot:4    | Noticed Pessaschasee's ghost (legendary HOFi)
 54275 | Zot:4    | Found a transporter.
 54729 | Zot:4    | Noticed a shard shrike
 54759 | Zot:4    | Received a gift from Okawaru
 55097 | Zot:5    | Entered Level 5 of the Realm of Zot
 55336 | Zot:5    | Reached skill level 10 in Spellcasting
 55575 | Zot:5    | Received a gift from Okawaru
 55576 | Zot:5    | Reached XP level 27. HP: 165/184 MP: 34/38
 55579 | Zot:5    | Reached skill level 5 in Hexes
 55647 | Zot:5    | Noticed an ancient lich
 55653 | Zot:5    | Killed an ancient lich
 55660 | Zot:5    | Noticed an orb of fire
 55662 | Zot:5    | Noticed an orb of fire
 55668 | Zot:5    | Noticed an ancient lich
 55678 | Zot:5    | Killed an orb of fire
 55685 | Zot:5    | Killed an orb of fire
 55685 | Zot:5    | Killed an ancient lich
 55692 | Zot:5    | Noticed a dread lich
 55694 | Zot:5    | Noticed a dread lich
 55696 | Zot:5    | Killed a dread lich
 55696 | Zot:5    | Received a gift from Okawaru
 55696 | Zot:5    | Noticed an orb of fire
 55700 | Zot:5    | Killed a dread lich
 55700 | Zot:5    | Noticed a dread lich
 55702 | Zot:5    | Killed an orb of fire
 55707 | Zot:5    | Noticed an orb of fire
 55709 | Zot:5    | Killed a dread lich
 55710 | Zot:5    | Noticed an ancient lich
 55712 | Zot:5    | Noticed a dread lich
 55713 | Zot:5    | Gained mutation: You occasionally lose the ability to read
                  | scrolls when taking damage. [an orb of fire]
 55714 | Zot:5    | Noticed an ancient lich
 55715 | Zot:5    | Killed an orb of fire
 55717 | Zot:5    | Killed an ancient lich
 55720 | Zot:5    | Killed a dread lich
 55727 | Zot:5    | Killed an ancient lich
 55879 | Zot:5    | Reached skill level 23 in Fighting
 55913 | Zot:5    | Received a gift from Okawaru
 56193 | Zot:5    | Identified the +6 long sword of Semnod {venom, Int+3 Dex+4}
 56289 | Zot:5    | Got the Orb of Zot
 56906 | D:$      | Escaped with the Orb!

Illustrated notes

Levels and vault maps discovered:
D:1:      tarquinn_simple_flora_water_a, layout_loops_cross, serial_shops,
          shop_statue, hangedman_decor_opposing, chequers_serial_rivers_room_b
D:2:      layout_basic, minmay_shallow_snake_nest, uniq_robin, uniq_terence
D:3:      layout_basic, grunt_ministairs_13
D:4:      layout_cave_pools, minitemple, enter_ossuary_3, minmay_curled_crystal,
          hangedman_abyss_or_decor_stagger, minmay_cut_off,
          uniq_crazy_yiuf_cottage
D:5:      layout_loops_ring, minmay_temple_entry_overgrown,
          ebering_ghost_sewer_d
D:6:      layout_basic, serial_corexii_hall, chequers_hall_statues_corner_a,
          corexii_hall_statues_l, chequers_hall_statues_y,
          chequers_hall_statues_y, uniq_duvessa
D:7:      layout_loops_cross, item_on_display_a
D:8:      layout_rooms, lemuel_coloured_pillars_altar,
          mainiacjoe_overflow_large_starburst, nicolae_evil_shop
D:9:      layout_irregular_city
D:10:     layout_long_grid, dreamdust_princess_corridor
D:11:     layout_irregular_city, erik_lair_dragon, orc_0_dummy, serial_shops,
          kennysheep_mini_moat
D:12:     layout_roguey, serial_shops, shop, nicolae_shop_stone, dk_vineyard_2,
          uniq_kirke
D:13:     layout_loops_corners, david_vaults_2, nicolae_kite_square_tiling_tiny,
          uniq_lodul
D:14:     layout_basic, lemuel_doored_altar
D:15:     grunt_enter_depths_snipers, layout_gridville, serial_shops, shop,
          portal_ice_cave_entry_dragon, minivault_14
Temple:   sentei_temple_godly_chess
Lair:1:   layout_layer_cave, beast_lair_carwin_2, serial_bayou_shore_a,
          grunt_megastairs_4, serial_bayou_shore_b, serial_bayou_shore_b
Lair:2:   layout_cave_pods, minmay_shoals_entry_centaurs, basic_altar,
          beast_lair_carwin_1, uniq_harold
Lair:3:   layout_chaotic_city, guppyfry_snake_entry_garden, patterned_corridor,
          uniq_urug
Lair:4:   layout_misc_corridors, slime_entry_1, serial_bayou_lagoon_b
Lair:5:   evilmike_catoblepas_cave, layout_cave_pods, grunt_megastairs_1
Shoals:1: layout_shoals, serial_shops, shop, nicolae_shop_window_shopping,
          nicolae_lakefront_shop, nicolae_square_shop,
          nicolae_shoals_sun_and_surf
Shoals:2: layout_shoals, nicolae_shoals_undead_eyrie, uniq_polyphemus
Shoals:3: layout_shoals, nicolae_shoals_square_sea_wall
Shoals:4: shoals_end_grunt_garden, layout_shoals, uniq_mlioglotl
Snake:1:  layout_cave_pods, nicolae_shop_i_like_big_books, st_stairs_3,
          serial_bayou_lake_a, lemuel_fruit_tree
Snake:2:  layout_grid_maze
Snake:3:  layout_cave_town, st_stairs_8, drop_trap, nicolae_snake_snake_lake
Snake:4:  grunt_snake_rune_serpentine_throne, layout_cave_town, serial_shops,
          statue_bzr, nicolae_square_shop, nicolae_shop_tiny_waterfront, shop,
          nicolae_shop_hallway_stairs, nicolae_snake_lava_pool, uniq_vashnia,
          uniq_donald
Orc:1:    layout_caves
Orc:2:    st_orc_rangers, layout_diamond_mine, serial_shops,
          nicolae_shop_real_fake_doors, basic_altar, minmay_orc_keep
Elf:1:    minmay_elf_arrival_summoners, layout_gridlike, serial_shops,
          nicolae_shop_hallway_plus, evilmike_minifort, hangedman_elf_represent
Elf:2:    nicolae_elf_blades_crystal_corner, layout_gridlike, minmay_shop_grove
Elf:3:    minmay_elf_hall_spiked, layout_onion_city
Vaults:1: ontoclasm_vaults_ring_small, ontoclasm_vaults_idyll,
          ontoclasm_vaults_fault, nicolae_vaults_closet_pinwheel_6,
          ontoclasm_vaults_hangar, nicolae_vaults_big_angled_halls,
          nicolae_vaults_storage_room_statues,
          nicolae_vaults_trapezoid_lopsided_1, vaults_room_fancy_cross,
          nicolae_vaults_know_your_exits, layout_vaults_omnibox,
          serial_hangedman_research, hangedman_research_convocations,
          hangedman_research_thermodynamics, hangedman_research_thanatology
Vaults:2: minmay_crypt_entry_simple_statues, nicolae_vaults_big_ls,
          vaults_standard_mumra_x, nicolae_vaults_offset_grid_hallway_4,
          nicolae_vaults_mini_display_case, nicolae_vaults_storage_room_glass,
          nicolae_vaults_security_offices_3, vaults_room_boxed,
          nicolae_vaults_doubleplus_tesselated, nicolae_vaults_hexular_roomagon,
          nicolae_vaults_sesquioval_fish, grunt_vaults_focal,
          nicolae_vaults_tetromino_L_2, layout_vaults_big_room
Vaults:3: ontoclasm_vaults_pinch, nicolae_vaults_border_crossing,
          grunt_vaults_trifunnel, ontoclasm_vaults_bender, st_squares,
          vaults_mumra_minichess_inversion, v_misc_9, v_misc_3,
          ontoclasm_vaults_decontamination, nicolae_vaults_sesquioval_fish,
          layout_vaults_maze, uniq_saint_roka, uniq_jory
Vaults:4: nicolae_vaults_storage_room_doors, v_rooms_1,
          nicolae_vaults_rhombus_6, nicolae_vaults_tetromino_T_1, v_rooms_5,
          nicolae_vaults_mitosis, vaults_mumra_chevron, hangedman_vaults_nails,
          vaults_room_door_ring, vaults_standard_mumra_lines,
          nicolae_vaults_trapezoid_2, nicolae_vaults_loss_of_containment,
          nicolae_vaults_closet_pinwheel_4, layout_vaults_ring
Vaults:5: serial_shops
Depths:1: layout_basic, good_gods_mini_temple, grunt_mini_vestibule, pan_entry,
          solitary_fountain, kennysheep_nub, serial_sigils_hangedman_clutch,
          grunt_gozag_statues, uniq_enchantress, uniq_aizul
Depths:2: minmay_quantized_circle, layout_honeycomb, hell_entry,
          nicolae_abyss_entry_one_way_or_another, grunt_pan_entry_spiral
Depths:3: dreamdust_cat_pyramid, layout_gridlike,
          nicolae_uskayaw_murder_on_the_dancefloor, hell_entry,
          abyss_entry_flame_altar, serial_shops, nicolae_shop_crystal,
          nicolae_the_louvre, minmay_staircase_bubble, grunt_megastairs_5,
          uniq_xtahua
Depths:4: grunt_zot_entry_gee_three, layout_long_grid, enter_ziggurat_b,
          grunt_hell_entry_dis_grunt, hangedman_abyss_entry_splay, pan_entry,
          uniq_sojobo
Zot:1:    layout_gridlike, gammafunk_ghost_cemetery, uniq_tiamat, uniq_vv
Zot:2:    layout_basic
Zot:3:    kennysheep_oblong_rooms, layout_onion_interference
Zot:4:    layout_gridlike, gammafunk_ghost_berserking_beasts
Zot:5:    layout_cellular_growth

Skill      XL: |  1  2  3  4  5  6  7  8  9 10 11 12 13 14 15 16 17 18 19 20 21 22 23 24 25 26 27 |
---------------+----------------------------------------------------------------------------------+-----
Ranged Weapons | 3 4 5 6 8 10 12 15 19 20 22 | 22.0
Fighting       | 2 4 7 12 15 16 17 19 20 21 22 23 | 23.8
Dodging        | 3 6 8 11 13 14 16 17 19 20 21 22 | 22.0
Invocations    | 3 7 9 11 14 15 | 15.6
Evocations     | 1 3 7 8 13 | 13.9
Armour         | 4 7 8 12 14 15 17 19 21 22 | 22.0
Translocations | 7 10 | 10.0
Hexes          | 4 8 |  8.0
Spellcasting   | 10 | 10.0
Fire Magic     | |  1.1

Action                     |  1- 3 |  4- 6 |  7- 9 | 10-12 | 13-15 | 16-18 | 19-21 | 22-24 | 25-27 || total
---------------------------+-------+-------+-------+-------+-------+-------+-------+-------+-------++-------
  Melee: Dagger            |       |     3 |     6 |     7 |       |       |       |       |       ||    16
         Peck              |       |     1 |     1 |     1 |       |       |       |       |       ||     3
         Kick              |       |       |     2 |     3 |       |       |       |       |       ||     5
   Fire: Sling             |    93 |   229 |   436 |       |       |       |       |       |       ||   758
         Longbow           |       |       |    81 |   705 |  1574 |  1891 |       |       |       ||  4251
         Orcbow            |       |       |       |    54 |       |       |       |       |       ||    54
         Arbalest          |       |       |       |       |       |    29 |  1016 |  1007 |  1056 ||  3108
  Throw: Dart              |       |       |       |     1 |     6 |       |       |       |       ||     7
   Cast: Jinxbite          |     3 |    17 |    26 |       |     1 |       |       |       |       ||    47
         Dimensional Bulls |       |       |       |       |       |       |       |       |     3 ||     3
 Invoke: Heroism           |       |       |     1 |    14 |    17 |    14 |       |     6 |     5 ||    57
         Finesse           |       |       |       |       |     7 |     5 |     2 |     9 |     5 ||    28
         Receive Weapon    |       |       |       |       |       |     1 |       |       |       ||     1
         Receive Armour    |       |       |       |       |       |     1 |       |       |       ||     1
         Duel              |       |       |       |       |       |       |     1 |       |     1 ||     2
  Evoke: Wand              |       |       |     2 |       |     4 |     6 |       |     1 |     3 ||    16
         Phial of floods   |       |       |       |       |       |       |       |     1 |       ||     1
    Use: Scroll            |       |     3 |     6 |     3 |    12 |    12 |       |     3 |     2 ||    41
         Potion            |       |     1 |       |     1 |       |     6 |       |     1 |    10 ||    19
 Armour: Robe              |    11 |    51 |    38 |       |       |       |       |       |       ||   100
         Leather armour    |       |       |    51 |    93 |   234 |   378 |   190 |   172 |       ||  1118
         Troll leather arm |       |       |       |    56 |       |       |       |       |       ||    56
         Acid dragon scale |       |       |       |       |       |       |       |    22 |   232 ||   254
  Dodge: Dodged            |    24 |    92 |   178 |   386 |   535 |  1090 |   406 |   502 |   564 ||  3777
  Block: Other             |       |    11 |    48 |    93 |       |       |       |       |       ||   152
         Reflection        |       |       |     2 |     7 |       |       |       |       |       ||     9

Table legend: (Time is in decaauts)
 A = Elapsed time spent in this place.
 B = Non-inter-level travel time spent in this place.
 C = Inter-level travel time spent in this place.
 D = Time resting spent in this place.
 E = Time spent auto-exploring this place.
 F = Levels seen in this place.
 G = Mean time per level.
                   A        B        C        D        E       F      G
               +--------+--------+--------+--------+--------+-----+--------+
         Total |  55742 |  49112 |   6630 |    993 |  34654 |  53 | 1051.7 |
       Dungeon |  16312 |  13439 |   2873 |    421 |   9639 |  15 | 1087.5 |
        Temple |      6 |      3 |      3 |      0 |      0 |   1 |    6.0 |
          Lair |   5844 |   5323 |    521 |      2 |   3604 |   5 | 1168.8 |
        Shoals |   3799 |   3498 |    301 |      0 |   2520 |   4 |  949.8 |
     Snake Pit |   5483 |   4791 |    692 |     62 |   3260 |   4 | 1370.8 |
  Orcish Mines |   1358 |   1090 |    268 |      0 |    707 |   2 |  679.0 |
   Elven Halls |   3407 |   3163 |    244 |     28 |   2409 |   3 | 1135.7 |
        Vaults |   7666 |   6826 |    840 |      0 |   5054 |   5 | 1533.2 |
        Depths |   4856 |   4364 |    492 |    153 |   3350 |   4 | 1214.0 |
           Zot |   5334 |   4941 |    393 |    121 |   3508 |   5 | 1066.8 |
        Bazaar |    230 |    230 |      0 |      0 |     89 |   1 |  230.0 |
       Ossuary |    913 |    913 |      0 |    108 |    412 |   1 |  913.0 |
      Ice Cave |    495 |    495 |      0 |     81 |    101 |   1 |  495.0 |
         Arena |     32 |     32 |      0 |     15 |      0 |   2 |   16.0 |
               +--------+--------+--------+--------+--------+-----+--------+

Top non-repeatable levels by time:
Vaults:5: 2017 daAuts
 Snake:4: 1964 daAuts
  Lair:5: 1613 daAuts
Vaults:4: 1507 daAuts
    D:11: 1487 daAuts
Vaults:2: 1483 daAuts
Depths:4: 1440 daAuts
  Lair:1: 1390 daAuts
Vaults:1: 1359 daAuts
 Snake:1: 1349 daAuts
    D:15: 1345 daAuts
Depths:2: 1311 daAuts
Vaults:3: 1299 daAuts
    D:13: 1259 daAuts
   Elf:3: 1257 daAuts
